Map: Traitor's Exile

Players

PureLegacy - Winner!

  • Race: Terran Terran
  • League: Master
  • Spawn Location: 6:00

Paisan - Winner!

  • Race: Terran Terran
  • Spawn Location: 5:00

chris

  • Race: Zerg Zerg
  • Spawn Location: 9:00

RafiBomb

  • Race: Terran Terran
  • Spawn Location: 12:00

VOD

Have the link to the VOD?

Description

Time

  • Played on: Dec. 3, 2018, 3:10 p.m.
  • Length: 7:15
Show
View Real Time Build Order
Export as new Build Order

PureLegacy Terran - Winner!

Build Orders:  

Get SALT Encoding   

  12  0:01  SCV  
  13  0:13  SCV  
  14  0:18  Supply Depot  
  14  0:25  SCV  
  15  0:32  Refinery  
  15  0:40  SCV  
  16  0:45  Barracks  
  16  0:52  SCV  
  17  1:04  Barracks  
  17  1:16  Barracks  
  17  1:21  SCV  
  18  1:33  Reaper  
  18  1:39  Orbital Command  
  19  1:48  Refinery  
  19  1:52  Reaper  
  20  2:02  Supply Depot  
  20  2:04  Reaper  
  21  2:10  Reaper  
  21  2:12  SCV  
  23  2:30  Supply Depot, SCV  
  23  2:34  Reaper  
  25  2:41  Reaper  
  25  2:42  Reaper  
  25  2:43  SCV  
  28  3:00  SCV  
  29  3:06  Reaper  
  30  3:21  Reaper, Command Center  
  30  3:23  Reaper, SCV  
  30  3:26  Supply Depot  
  34  3:52  SCV  
  34  3:55  Engineering Bay  
  35  3:58  Barracks Reactor x2, Barracks Tech Lab  
  35  4:02  Factory  
  34  4:04  SCV  
  33  4:21  Marine  
  34  4:28  Stimpack  
  34  4:29  Missile Turret, Terran Infantry Weapons Level 1  
  33  4:32  SCV  
  33  4:33  Orbital Command  
  31  4:39  Marine x3  
  31  4:43  Marine  
  31  4:45  Marine  
  36  4:57  SCV  
  37  5:09  Factory Reactor, Starport  
  37  5:11  SCV  
  38  5:21  Marine x2  
  38  5:22  Marine x3  
  38  5:27  SCV x2  
  45  5:43  Marine x4  
  45  5:44  Marine  
  45  5:46  SCV x2  
  51  5:54  Medivac  
  51  5:55  Medivac  
  55  5:58  SCV x2  
  57  6:04  Marine x4  
  57  6:05  Marine  
  62  6:15  SCV x2  
  62  6:16  Supply Depot x2  
  64  6:29  Medivac x2  
  64  6:31  SCV x2  
  70  6:36  Barracks, Supply Depot  
  70  6:39  Barracks  
  70  6:40  Refinery x2  
  70  6:46  SCV x2  
  72  6:52  Marine x4  
Show
View Real Time Build Order
Export as new Build Order

Paisan Terran - Winner!

Build Orders:  

Get SALT Encoding   

  12  0:01  SCV  
  13  0:19  SCV  
  14  0:29  Supply Depot  
  14  0:33  SCV  
  14  0:35  Refinery  
  15  0:50  SCV  
  15  0:53  Barracks  
  16  1:02  SCV  
  17  1:12  Barracks  
  17  1:14  SCV  
  18  1:23  Refinery  
  18  1:26  SCV  
  19  1:40  Barracks Reactor  
  19  1:42  Orbital Command  
  19  1:51  Supply Depot  
  19  1:59  Barracks Reactor  
  19  2:07  SCV  
  20  2:17  Engineering Bay  
  20  2:19  Reaper x2  
  22  2:25  SCV  
  23  2:36  Reaper  
  23  2:37  Reaper  
  25  2:39  SCV  
  26  2:45  Terran Infantry Weapons Level 1  
  26  2:51  SCV  
  27  3:03  SCV  
  28  3:10  Command Center  
  28  3:26  Marine x3  
  31  3:27  Factory  
  31  4:21  SCV  
  31  4:33  SCV  
  32  4:42  Orbital Command  
  32  4:43  Factory Tech Lab  
  29  4:45  SCV  
  29  4:48  Missile Turret  
  29  4:50  Missile Turret  
  29  4:52  Missile Turret  
  30  4:53  Marine x4  
  30  4:55  Missile Turret  
  30  4:58  SCV  
  35  5:06  Orbital Command  
  35  5:10  Marine, SCV  
  35  5:11  Marine x3  
  40  5:27  SCV, Siege Tank  
  44  5:28  Marine  
  44  5:29  Marine  
  44  5:32  Starport  
  44  5:35  Bunker  
  46  5:37  Supply Depot  
  46  5:38  Bunker, SCV  
  46  5:39  SCV  
  48  5:52  Barracks  
  48  5:59  Siege Tank  
  48  6:01  Supply Depot  
  51  6:22  Sensor Tower  
  51  6:24  Marine x4  
  55  6:35  Fusion Core  
  55  6:36  Starport Tech Lab  
  55  6:41  Marine x2, Starport  
  55  6:42  Refinery x2, Marine  
Show
View Real Time Build Order
Export as new Build Order

chris Zerg 

Build Orders: Hatch First 

Get SALT Encoding   

  12  0:01  Drone  
  13  0:13  Overlord  
  13  0:25  Drone  
  14  0:30  Drone, Extractor  
  14  0:32  Drone  
  16  0:37  Drone  
  17  0:59  Hatchery  
  17  1:01  Drone  
  17  1:03  Drone  
  18  1:07  Extractor  
  18  1:09  Drone  
  18  1:19  Drone  
  19  1:28  Spawning Pool  
  19  1:29  Drone  
  19  1:44  Overlord  
  19  2:04  Drone  
  20  2:15  Zergling x2  
  21  2:16  Zergling x4  
  21  2:17  Queen x2  
  21  2:18  Metabolic Boost  
  27  2:41  Drone  
  28  2:46  Zergling x2  
  28  2:47  Drone  
  28  2:48  Drone, Zergling x2  
  28  2:49  Drone  
  31  3:04  Zergling x2  
  31  3:05  Zergling x2  
  30  3:15  Zergling x2  
  30  3:16  Zergling x2  
  31  3:24  Zergling x4  
  33  3:33  Zergling x2  
  33  3:34  Zergling x12  
  21  3:50  Zergling x2  
  21  3:51  Zergling x4  
  19  4:00  Drone  
  19  4:01  Drone  
  18  4:28  Drone x3  
  18  4:29  Drone x2  
  23  4:34  Zergling x2  
  22  4:45  Drone x2  
  19  5:05  Zergling x8  
  18  5:30  Drone  
  19  5:57  Spine Crawler  
  19  5:59  Spine Crawler  
  19  6:00  Drone  
  18  6:05  Drone  
  18  6:10  Drone  
  20  6:15  Drone  
  21  6:20  Drone  
  21  6:24  Drone  
  23  6:29  Drone  
  24  6:34  Drone  
  24  6:36  Drone  
  26  6:40  Drone  
  26  6:44  Zergling x2  
Show
View Real Time Build Order
Export as new Build Order

RafiBomb Terran 

Build Orders: 1/1/1 

Get SALT Encoding   

  12  0:02  SCV  
  13  0:14  SCV  
  14  0:23  Supply Depot  
  14  0:28  Refinery  
  14  0:43  SCV  
  14  0:46  Barracks  
  15  0:55  SCV  
  16  0:59  Refinery  
  16  1:07  SCV  
  17  1:19  SCV  
  18  1:36  Orbital Command  
  18  1:39  Barracks Reactor  
  18  1:44  Factory  
  18  1:59  Supply Depot  
  18  2:04  SCV  
  19  2:15  Marine x2  
  21  2:17  SCV  
  22  2:29  Starport  
  22  2:33  Marine  
  22  2:34  Marine  
  24  2:37  SCV  
  25  2:48  Widow Mine  
  27  2:54  Supply Depot  
  27  2:56  Marine  
  29  3:05  Medivac  
  30  3:07  Marine  
  33  3:20  Widow Mine  
  33  3:28  Marine x2  
  33  3:31  Supply Depot  
  35  3:47  Factory Tech Lab  
  35  3:48  Starport Reactor  
  35  3:51  Marine  
  35  3:52  Marine  
  36  4:09  Marine  
  32  4:10  Marine  
  26  4:22  SCV  
  13  4:34  SCV  
  11  4:47  SCV  
  12  4:59  SCV  
  13  5:11  SCV  
  13  5:12  Marine x2  
  18  5:23  SCV  
  18  5:28  Cyclone  
  20  5:34  Marine  
  20  5:35  Marine, SCV  
  18  5:47  SCV  
  19  5:52  Marine  
  20  5:59  SCV  
  21  6:11  SCV  
  22  6:31  SCV  
  23  6:44  Marine x2  
Tags
 
Add a new tag
Caveats
  • Supply blocks, unpowered buildings, or Contaminate may cause inaccurate times.
  • Supply counts are checked every 10 seconds.